Workbook

Sheet OCTUBRE
B1: OCTUBRE
B2: 1. Ingresos totales de la actividad | C2: =C3+C11 -> 26500 | E2: =+C2*12 -> 318000 | F2: < ANUAL
B3: 1.1. Ingresos por clínica | C3: =SUM(C4:C10) -> 21900 | D3: =+C3/C2 -> 0.82641509 | E3: =+C3*12 -> 262800 | F3: < ANUAL
B4: 1.1.1. Consultas y revisiones | C4: 5800 | D4: =+C4/$C$3 -> 0.26484018
B5: 1.1.2. Tratamientos | C5: 1500 | D5: =+C5/$C$3 -> 0.068493151
B6: 1.1.3. Cirugía y anestesia | C6: 3900 | D6: =+C6/$C$3 -> 0.17808219
B7: 1.1.4. Hospitalización y cuidados | C7: 1200 | D7: =+C7/$C$3 -> 0.054794521
B8: 1.1.5.Diagnostico | C8: 2800 | D8: =+C8/$C$3 -> 0.12785388
B9: 1.1.6. Tratamientos con cesión | C9: 3500 | D9: =+C9/$C$3 -> 0.15981735
B10: 1.1.7. Medicina preventiva y vacunas | C10: 3200 | D10: =+C10/$C$3 -> 0.14611872
B11: 1.2. Ingresos por otras actividades | C11: =SUM(C12:C14) -> 4600 | D11: =+C11/C2 -> 0.17358491
B12: 1.2.1. Peluquería y estética | C12: 1600 | D12: =+C12/$C$11 -> 0.34782609
B13: 1.2.2. Venta de alimentación | C13: 1500 | D13: =+C13/$C$11 -> 0.32608696
B14: 1.2.3. Venta de nutracéuticos y OTCs | C14: 1500 | D14: =+C14/$C$11 -> 0.32608696
B15: 2. Compras y aprovisionamientos | C15: =SUM(C16:C21) -> 8590 | D15: =+C15/C2 -> 0.32415094
B16: 2.1. Compras de medicamentos | C16: 2500 | D16: =+C16/$C$15 -> 0.29103609
B17: 2.2. Compras de fungibles | C17: 1800 | D17: =+C17/$C$15 -> 0.20954598
B18: 2.3. Compras de productos de alimentación | C18: 1200 | D18: =+C18/$C$15 -> 0.13969732
B19: 2.4. Compras de nutracéuticos y OTCs | C19: 1300 | D19: =+C19/$C$15 -> 0.15133877
B20: 2.5. Laboratorio externo | C20: 900 | D20: =+C20/$C$15 -> 0.10477299
B21: 2.6. Especialistas externos | C21: 890 | D21: =+C21/$C$15 -> 0.10360885
B22: 3. Margen Bruto | C22: =+C2-C15 -> 17910 | D22: =+C22/C2 -> 0.67584906 | E22: =+D22 -> 0.67584906 | F22: <tanto por uno
B23: 4. Costes salariales y de personal | C23: =SUM(C24:C28) -> 12938.3 | D23: =+C23/C2 -> 0.48823774 | E23: =+C23*12 -> 155259.6 | F23: < ANUAL
B24: 4.1. Costes salariales | C24: =((C70*2)+(C71*2))*1.33 -> 9988.3
B25: 4.2. Retribución titular (autónomo) | C25: 2000
B26: 4.3. Cuota de autónomos | C26: 700 | E26: =+C23+C29 -> 15825.3 | G26: =+E23+E29 -> 189903.6
B27: 4.4. Formación | C27: 100
B28: 4.5. Costes colegiación y asociaciones profesionales | C28: 150
B29: 5. Gastos fijos y suministros | C29: =SUM(C30:C34) -> 2887 | D29: =+C29/C2 -> 0.1089434 | E29: =+C29*12 -> 34644 | F29: < ANUAL
B30: 5.1. Alquiler local | C30: 1500
B31: 5.2. Suministros | C31: 350
B32: 5.3. Gestoría y servicios externos | C32: 450
B33: 5.4. Marketing y comunicación | C33: 139
B34: 5.5. Otros gastos generales | C34: 448
B35: 6. Pérdidas y ganancias (antes de impuestos y amortz.) | C35: =+C22-C23-C29 -> 2084.7 | D35: =+C35/C2 -> 0.078667925
B36: 7. Amortizaciones | C36: =+C68 -> 800
B37: 8. Costes financieros | C37: 50
B38: 9. BAI | C38: =+C35-C36-C37 -> 1234.7 | D38: =+C38/C2 -> 0.046592453
B39: 10. Impuestos sobre el beneficio (25%) | C39: =+C38*0.25 -> 308.675
B40: 11. Resultado neto | C40: =+C38-C39 -> 926.025 | D40: =+C40/C2 -> 0.03494434
B42: Número de clientes totales (histórico) | C42: 6500
B43: Número de clientes activos (últimos 12 meses) | C43: 1340
B44: Número clientes activos clínica (últimos 12 meses) | C44: 1230
B45: Número de mascotas activas clínica (últimos 12 meses) | C45: 1650
B46: Número de clientes activos por vet FT (12 meses) | C46: =+C44/C69 -> 492
A47: Mensual | B47: Número de visitas totales (mes en curso) | C47: 454
B48: Número de visitas clínicas (mes en curso) | C48: 345 | E48: =+C48*12 -> 4140 | F48: < ANUAL
B49: Número visitas clínicas por vet (mes en curso) | C49: =+C48/C69 -> 138
B50: Número de visitas de peluquería (mes en curso) | C50: 30
B51: Número de tickets de tienda (mes en curso) | C51: 180
B52: Ticket medio | C52: =+C2/C47 -> 58.370044
B53: Ticket medio clínica | C53: =+C3/C48 -> 63.478261
B54: Ticket medio peluquería | C54: =+C12/C50 -> 53.333333
B55: Ticket medio tienda | C55: =+(C11-C12)/C51 -> 16.666667
B56: Gasto medio anual por cliente | C56: =+E2/C43 -> 237.31343
B57: Gasto medio anual por cliente clínica | C57: =+E3/C44 -> 213.65854
B58: Frecuencia media de visita (12 meses) | C58: =E2/(C52*C43) -> 4.0656716
B59: Total de tickets anuales | C59: =+C58*C43 -> 5448 | E59: =+C59/12 -> 454 | F59: <MES
B60: Frecuencia media de visita clínica (12 meses) | C60: =E3/(C44*C53) -> 3.3658537
B61: Mascotas activas por cliente | C61: =+C45/C44 -> 1.3414634
B62: Descuentos aplicados | C62: 1150 | D62: =+C62/C2 -> 0.043396226
B63: Descuentos justificados por política de la empresa | C63: 360 | D63: =+C63/C2 -> 0.013584906
B64: Descuentos no justificados | C64: =+C62-C63 -> 790 | D64: =+C64/C2 -> 0.029811321 | E64: =+C64*12 -> 9480 | F64: < ANUAL
B65: Importe pendiente de cobro (mes en curso) | C65: 854 | D65: =+C65/C2 -> 0.032226415
B66: Ingresos por veterinario | C66: =+C3/C69 -> 8760 | E66: =+C66*12 -> 105120 | F66: < ANUAL
B67: Productividad facultativa | C67: =+C3/E70 -> 3.1215257
B68: Amortización de bienes (maquinaria)/mes | C68: 800
B69: Número Vets FT | C69: 2.5
B70: Sueldo bruto mes veterinario | C70: 2130 | E70: =+((C70*2)*1.33)+(C25+C26)/2 -> 7015.8 | F70: <Costes salariales clínicos
B71: Sueldo bruto mes auxiliar | C71: 1625 | E71: =+(C71*2)*1.33 -> 4322.5
B73: SEGMENTACIÓN CLIENTES | E73: Visitas anuales | K73: Datos gráfico 1 - Base de datos
A74: TM | B74: A- ACTIVOS | C74: =+C43 -> 1340 | D74: =+C74/C80 -> 0.20615385 | F74: % ingresos | G74: Gasto medio cl | H74: Ingresos segmento | I74: Recurrencia segmento | K74: Segmento | L74: Registros
A75: 77 | B75: A.1. Frecuentes | C75: 100 | D75: =+C75/$C$74 -> 0.074626866 | E75: >= 8 | F75: 0.2 | G75: =+(E2*F75)/C75 -> 636 | H75: =E2*F75 -> 63600 | I75: =H75/(C75*$A$75) -> 8.2597403 | K75: Activos | L75: =+C74 -> 1340
A76: 70 | B76: A.2 Regulares | C76: 340 | D76: =+C76/$C$74 -> 0.25373134 | E76: 3-7 | F76: 0.5 | G76: =+(E2*F76)/C76 -> 467.64706 | H76: =E2*F76 -> 159000 | I76: =H76/(C76*A76) -> 6.6806723 | K76: Fríos (12-24 m) | L76: =+C78 -> 550
A77: 55 | B77: A.3 Esporádicos | C77: 900 | D77: =+C77/$C$74 -> 0.67164179 | E77: 1-2 | F77: 0.3 | G77: =+(E2*F77)/C77 -> 106 | H77: =E2*F77 -> 95400 | I77: =H77/(C77*A77) -> 1.9272727 | K77: Perdidos (>24 m) | L77: =+C79 -> 4610
B78: B- FRIOS (>12<24 meses sin visita) | C78: 550 | D78: =+C78/C80 -> 0.084615385
B79: C- PERDIDOS (> 24 meses sin visita) | C79: 4610 | D79: =+C79/C80 -> 0.70923077 | K79: Datos gráfico 2 - Activos: clientes vs ingresos
B80: TOTAL REGISTROS EN BASE DE DATOS | C80: =+C74+C78+C79 -> 6500 | D80: =+D74+D78+D79 -> 1 | K80: Subsegmento | L80: Nº clientes | M80: Ingresos (€)
B81: DATOS AGENDA Y COSTE POR MINUTO | K81: Frecuentes (>=8 visitas) | L81: =+C75 -> 100 | M81: =+H75 -> 63600
B82: Días laborables anuales | C82: 236 | K82: Regulares (3-7 visitas) | L82: =+C76 -> 340 | M82: =+H76 -> 159000
B83: Días laborables mes (media) | C83: =+C82/12 -> 19.666667 | K83: Esporádicos (1-2 visitas) | L83: =+C77 -> 900 | M83: =+H77 -> 95400
B84: Minutos de agenda disponibles por día | C84: =8*60 -> 480
B85: Minutos de agenda totales disponibles al año (2,5 FTE) | C85: =+C84*C82*C69 -> 283200
B86: Factor de ocupación de agenda estimado | C86: 0.75
B87: Minutos de agenda reales disponibles al año (2,5 FTE) | C87: =+C85*C86 -> 212400
B88: Estimación porcentual de ocupación efectiva de agenda | C88: 0.75
B89: Estimación porcentual de huecos de agenda | C89: =+(1-C88) -> 0.25
B90: Minutos de agenda realemente utilizados al año (2,5 FTE) | C90: =+C87*C88 -> 159300
B91: Coste por minuto | C91: =(E23+E29)/C87 -> 0.89408475
B92: TARIFAS BÁSICAS DE ALGUNOS SERVICIOS | C92: Duración (min) | D92: Tarifa base | E92: Tarifa costes (15%) | F92: Tarifa recomendada minIma (50%) | I92: PV coste c/ IVA
B93: Consulta estándar | C93: 20 | D93: =+C93*$C$91 -> 17.881695 | E93: =+D93*1.15 -> 20.563949 | F93: =+E93/0.5 -> 41.127898 | G93: =+F93*1.21 -> 49.764757 | H93: < IVA 21% INCL. | I93: =+E93*1.21 -> 24.882378
B94: Vacunación y preventiva | C94: 15 | D94: =+C94*$C$91 -> 13.411271 | E94: =+D94*1.15 -> 15.422962 | F94: =+E94/0.5 -> 30.845924 | G94: =+F94*1.21 -> 37.323568 | H94: < IVA 21% INCL. | I94: =+E94*1.21 -> 18.661784
B95: Cirugía media (esterilización) | C95: 60 | D95: =+C95*$C$91 -> 53.645085 | E95: =+D95*1.15 -> 61.691847 | F95: =+E95/0.5 -> 123.38369 | G95: =+F95*1.21 -> 149.29427 | H95: < IVA 21% INCL. | I95: =+E95*1.21 -> 74.647135
B96: Ecografía | C96: 25 | D96: =+C96*$C$91 -> 22.352119 | E96: =+D96*1.15 -> 25.704936 | F96: =+E96/0.5 -> 51.409873 | G96: =+F96*1.21 -> 62.205946 | H96: < IVA 21% INCL. | I96: =+E96*1.21 -> 31.102973
B97: Analítica + interpretación | C97: 20 | D97: =+C97*$C$91 -> 17.881695 | E97: =+D97*1.15 -> 20.563949 | F97: =+E97/0.5 -> 41.127898 | G97: =+F97*1.21 -> 49.764757 | H97: < IVA 21% INCL. | I97: =+E97*1.21 -> 24.882378
B98: CUANTIFICACIÓN EFICIENCIA TIEMPO EN CONSULTAS | C98: Tiempo (min) | D98: Cons. diarias | E98: Impacto
B99: Veterinario eficiente | C99: 20 | D99: 18
B100: Veterinario que se alarga | C100: 35 | D100: 10 | E100: =+(D99-D100)*C83*C53 -> 9987.2464 | F100: <por mes
E101: =+E100*12 -> 119846.96 | F101: < por año
B102: PUNTO DE EQUILIBRIO | C102: =+(C23+C29)/E22 -> 23415.436
...

Sheet MAYO
B1: MAYO
B2: 1. Ingresos totales de la actividad | C2: =C3+C11 -> 31000 | E2: =+C2*12 -> 372000 | F2: < ANUAL
B3: 1.1. Ingresos por clínica | C3: =SUM(C4:C10) -> 26450 | D3: =+C3/C2 -> 0.85322581 | E3: =+C3*12 -> 317400 | F3: < ANUAL
B4: 1.1.1. Consultas y revisiones | C4: =+F4+G4 -> 7000 | D4: =+C4/$C$3 -> 0.26465028 | F4: 1200 | G4: =5800 -> 5800
B5: 1.1.2. Tratamientos | C5: =+F5+G5 -> 2200 | D5: =+C5/$C$3 -> 0.083175803 | F5: 700 | G5: 1500
B6: 1.1.3. Cirugía y anestesia | C6: =+F6+G6 -> 4150 | D6: =+C6/$C$3 -> 0.15689981 | F6: 250 | G6: 3900
B7: 1.1.4. Hospitalización y cuidados | C7: =+F7+G7 -> 1300 | D7: =+C7/$C$3 -> 0.049149338 | F7: 100 | G7: 1200
B8: 1.1.5.Diagnostico | C8: =+F8+G8 -> 4000 | D8: =+C8/$C$3 -> 0.15122873 | F8: 1200 | G8: 2800
B9: 1.1.6. Tratamientos con cesión | C9: =+F9+G9 -> 4000 | D9: =+C9/$C$3 -> 0.15122873 | F9: 500 | G9: 3500
B10: 1.1.7. Medicina preventiva y vacunas | C10: =+F10+G10 -> 3800 | D10: =+C10/$C$3 -> 0.1436673 | F10: 600 | G10: 3200
B11: 1.2. Ingresos por otras actividades | C11: =SUM(C12:C14) -> 4550 | D11: =+C11/C2 -> 0.14677419 | F11: =SUM(F4:F10) -> 4550
B12: 1.2.1. Peluquería y estética | C12: =+F12+G12 -> 1300 | D12: =+C12/$C$11 -> 0.28571429 | F12: -300 | G12: 1600
B13: 1.2.2. Venta de alimentación | C13: =+F13+G13 -> 1600 | D13: =+C13/$C$11 -> 0.35164835 | F13: 100 | G13: 1500
B14: 1.2.3. Venta de nutracéuticos y OTCs | C14: =+F14+G14 -> 1650 | D14: =+C14/$C$11 -> 0.36263736 | F14: 150 | G14: 1500
B15: 2. Compras y aprovisionamientos | C15: =SUM(C16:C21) -> 9600 | D15: =+C15/C2 -> 0.30967742
B16: 2.1. Compras de medicamentos | C16: 2500 | D16: =+C16/$C$15 -> 0.26041667
B17: 2.2. Compras de fungibles | C17: 1800 | D17: =+C17/$C$15 -> 0.1875
B18: 2.3. Compras de productos de alimentación | C18: 1200 | D18: =+C18/$C$15 -> 0.125
B19: 2.4. Compras de nutracéuticos y OTCs | C19: 1300 | D19: =+C19/$C$15 -> 0.13541667
B20: 2.5. Laboratorio externo | C20: 1300 | D20: =+C20/$C$15 -> 0.13541667 | E20: *aumento de costes de laboratorio externo
B21: 2.6. Especialistas externos | C21: 1500 | D21: =+C21/$C$15 -> 0.15625 | E21: *aumento de contrataciones de especialistas
B22: 3. Margen Bruto | C22: =+C2-C15 -> 21400 | D22: =+C22/C2 -> 0.69032258 | E22: =+D22 -> 0.69032258 | F22: <tanto por uno
B23: 4. Costes salariales y de personal | C23: =SUM(C24:C28) -> 13487.949 | D23: =+C23/C2 -> 0.43509513 | E23: =+C23*12 -> 161855.39 | F23: < ANUAL
B24: 4.1. Costes salariales | C24: =(((C70*2)+(C71*2))*1.33)*(1+G24) -> 10287.949 | D24: *aumento costes salariales (3%)
B25: 4.2. Retribución titular (autónomo) | C25: 2200 | D25: *Laura "cobra" 200€ más al mes
B26: 4.3. Cuota de autónomos | C26: 750
B27: 4.4. Formación | C27: 100
B28: 4.5. Costes colegiación y asociaciones profesionales | C28: 150
B29: 5. Gastos fijos y suministros | C29: =SUM(C30:C34) -> 3337 | D29: =+C29/C2 -> 0.10764516 | E29: =+C29*12 -> 40044 | F29: < ANUAL
B30: 5.1. Alquiler local | C30: 1600 | D30: *aumento del alquiler del local
B31: 5.2. Suministros | C31: 350
B32: 5.3. Gestoría y servicios externos | C32: 800 | D32: *aumento costes de asesoramiento empresarial
B33: 5.4. Marketing y comunicación | C33: 139
B34: 5.5. Otros gastos generales | C34: 448
B35: 6. Pérdidas y ganancias (antes de impuestos y amortz.) | C35: =+C22-C23-C29 -> 4575.051 | D35: =+C35/C2 -> 0.14758229
B36: 7. Amortizaciones | C36: =+C68 -> 800
B37: 8. Costes financieros | C37: 50
B38: 9. BAI | C38: =+C35-C36-C37 -> 3725.051 | D38: =+C38/C2 -> 0.12016294
B39: 10. Impuestos sobre el beneficio (25%) | C39: =+C38*0.25 -> 931.26275
B40: 11. Resultado neto | C40: =+C38-C39 -> 2793.7882 | D40: =+C40/C2 -> 0.090122202
B42: Número de clientes totales (histórico) | C42: =+C80 -> 6735
B43: Número de clientes activos (últimos 12 meses) | C43: 1385
B44: Número clientes activos clínica (últimos 12 meses) | C44: 1275
B45: Número de mascotas activas clínica (últimos 12 meses) | C45: 1720
B46: Número de clientes activos por vet FT (12 meses) | C46: =+C44/C69 -> 510
A47: Mensual | B47: Número de visitas totales (mes en curso) | C47: 490
B48: Número de visitas clínicas (mes en curso) | C48: 385 | E48: =+C48*12 -> 4620 | F48: < ANUAL
B49: Número visitas clínicas por vet (mes en curso) | C49: =+C48/C69 -> 154
B50: Número de visitas de peluquería (mes en curso) | C50: 20
B51: Número de tickets de tienda (mes en curso) | C51: 180
B52: Ticket medio | C52: =+C2/C47 -> 63.265306
B53: Ticket medio clínica | C53: =+C3/C48 -> 68.701299
B54: Ticket medio peluquería | C54: =+C12/C50 -> 65
B55: Ticket medio tienda | C55: =+(C11-C12)/C51 -> 18.055556
B56: Gasto medio anual por cliente | C56: =+E2/C43 -> 268.59206
B57: Gasto medio anual por cliente clínica | C57: =+E3/C44 -> 248.94118
B58: Frecuencia media de visita (12 meses) | C58: =E2/(C52*C43) -> 4.2454874
B59: Total de tickets anuales | C59: =+C58*C43 -> 5880 | E59: =+C59/12 -> 490 | F59: <MES
B60: Frecuencia media de visita clínica (12 meses) | C60: =E3/(C44*C53) -> 3.6235294
B61: Mascotas activas por cliente | C61: =+C45/C44 -> 1.3490196
B62: Descuentos aplicados | C62: 890 | D62: =+C62/C2 -> 0.028709677
B63: Descuentos justificados por política de la empresa | C63: 450 | D63: =+C63/C2 -> 0.014516129
B64: Descuentos no justificados | C64: =+C62-C63 -> 440 | D64: =+C64/C2 -> 0.014193548 | E64: =+C64*12 -> 5280 | F64: < ANUAL
B65: Importe pendiente de cobro (mes en curso) | C65: 750 | D65: =+C65/C2 -> 0.024193548
B66: Ingresos por veterinario | C66: =+C3/2.5 -> 10580 | E66: =+C66*12 -> 126960 | F66: < ANUAL
B67: Productividad facultativa | C67: =+C3/E70 -> 3.617948
B68: Amortización de bienes (maquinaria)/mes | C68: 800
B69: Número Vets FT | C69: 2.5
B70: Sueldo bruto mes veterinario | C70: =2130*1.03 -> 2193.9 | E70: =+((C70*2)*1.33)+(C25+C26)/2 -> 7310.774 | F70: <Costes salariales clínicos
B71: Sueldo bruto mes auxiliar | C71: =1625*1.03 -> 1673.75 | E71: =+(C71*2)*1.33 -> 4452.175
B73: SEGMENTACIÓN CLIENTES | E73: Visitas anuales
A74: TM | B74: A- ACTIVOS | C74: =+C43 -> 1385 | D74: =+C74/C80 -> 0.20564217 | F74: % ingresos | G74: Gasto medio cl | H74: Ingresos segmento | I74: Recurrencia segmento
A75: 77 | B75: A.1. Frecuentes | C75: 105 | D75: =+C75/$C$74 -> 0.075812274 | E75: >= 8 | F75: 0.2 | G75: =+(E2*F75)/C75 -> 708.57143 | H75: =E2*F75 -> 74400 | I75: =H75/(C75*$A$75) -> 9.2022263
A76: 70 | B76: A.2 Regulares | C76: 350 | D76: =+C76/$C$74 -> 0.25270758 | E76: 3-7 | F76: 0.5 | G76: =+(E2*F76)/C76 -> 531.42857 | H76: =E2*F76 -> 186000 | I76: =H76/(C76*A76) -> 7.5918367
A77: 55 | B77: A.3 Esporádicos | C77: 930 | D77: =+C77/$C$74 -> 0.67148014 | E77: 1-2 | F77: 0.3 | G77: =+(E2*F77)/C77 -> 120 | H77: =E2*F77 -> 111600 | I77: =H77/(C77*A77) -> 2.1818182
B78: B- FRIOS (>12<24 meses sin visita) | C78: 520 | D78: =+C78/C80 -> 0.077208612
B79: C- PERDIDOS (> 24 meses sin visita) | C79: 4830 | D79: =+C79/C80 -> 0.71714922
B80: TOTAL REGISTROS EN BASE DE DATOS | C80: =+C74+C78+C79 -> 6735 | D80: =+D74+D78+D79 -> 1
B81: DATOS AGENDA Y COSTE POR MINUTO
B82: Días laborables anuales | C82: 236
B83: Días laborables mes (media) | C83: =+C82/12 -> 19.666667
B84: Minutos de agenda disponibles por día | C84: =8*60 -> 480
B85: Minutos de agenda totales disponibles al año (2,5 FTE) | C85: =+C84*C82*C69 -> 283200
B86: Factor de ocupación de agenda estimado | C86: 0.75
B87: Minutos de agenda reales disponibles al año (2,5 FTE) | C87: =+C85*C86 -> 212400
B88: Estimación porcentual de ocupación de agenda | C88: 0.8
B89: Estimación porcentual de huecos de agenda | C89: 0.2
B90: Minutos de agenda realmente utilizados al año (2,5 FTE) | C90: =+C87*C88 -> 169920
B91: Coste por minuto | C91: =(E23+E29)/C87 -> 0.95056209
B92: TARIFAS BÁSICAS DE ALGUNOS SERVICIOS | C92: Duración (min) | D92: Tarifa base | E92: Tarifa costes (15%) | F92: Tarifa recomendada minIma (50%)
B93: Consulta estándar | C93: 20 | D93: =+C93*$C$91 -> 19.011242 | E93: =+D93*1.15 -> 21.862928 | F93: =+E93/0.5 -> 43.725856 | G93: =+F93*1.21 -> 52.908286 | H93: < IVA 21% INCL.
B94: Vacunación y preventiva | C94: 15 | D94: =+C94*$C$91 -> 14.258431 | E94: =+D94*1.15 -> 16.397196 | F94: =+E94/0.5 -> 32.794392 | G94: =+F94*1.21 -> 39.681214 | H94: < IVA 21% INCL.
B95: Cirugía media (esterilización) | C95: 60 | D95: =+C95*$C$91 -> 57.033725 | E95: =+D95*1.15 -> 65.588784 | F95: =+E95/0.5 -> 131.17757 | G95: =+F95*1.21 -> 158.72486 | H95: < IVA 21% INCL.
B96: Ecografía | C96: 25 | D96: =+C96*$C$91 -> 23.764052 | E96: =+D96*1.15 -> 27.32866 | F96: =+E96/0.5 -> 54.65732 | G96: =+F96*1.21 -> 66.135357 | H96: < IVA 21% INCL.
B97: Analítica + interpretación | C97: 20 | D97: =+C97*$C$91 -> 19.011242 | E97: =+D97*1.15 -> 21.862928 | F97: =+E97/0.5 -> 43.725856 | G97: =+F97*1.21 -> 52.908286 | H97: < IVA 21% INCL.
B98: CUANTIFICACIÓN EFICIENCIA TIEMPO EN CONSULTAS | C98: Tiempo (min) | D98: Cons. diarias | E98: Impacto
B99: Veterinario eficiente | C99: 20 | D99: 18
B100: Veterinario que se alarga | C100: 35 | D100: 10 | E100: =+(D99-D100)*C83*C53 -> 10809.004 | F100: <por mes
E101: =+E100*12 -> 129708.05 | F101: < por año
B102: PUNTO DE EQUILIBRIO | C102: =+(C23+C29)/E22 -> 24372.59
...

Sheet KPIs
C1: OCTUBRE | D1: MAYO | E1: TENDENCIA | F1: OBJETIVO MINIMO
B2: INGRESOS TOTALES | C2: =+OCTUBRE!C2 -> 26500 | D2: =+MAYO!C2 -> 31000 | E2: =+(D2-C2)/C2 -> 0.16981132
B3: INGRESOS CLINICA | C3: =+OCTUBRE!D3 -> 0.82641509 | D3: =+MAYO!D3 -> 0.85322581 | E3: =+D3-C3 -> 0.026810712 | F3: > 85%
B4: INGRESOS POR CONSULTA | C4: =OCTUBRE!D4 -> 0.26484018 | D4: =MAYO!D4 -> 0.26465028 | E4: =D4-C4 -> -0.00018989909 | F4: >30%
B5: INGRESOS POR DIAGNOSTICO | C5: =OCTUBRE!D8 -> 0.12785388 | D5: =MAYO!D8 -> 0.15122873 | E5: =D5-C5 -> 0.023374852 | F5: >25%
B6: INGRESOS POR CIRUGÍA | C6: =OCTUBRE!D6 -> 0.17808219 | D6: =MAYO!D6 -> 0.15689981 | E6: =D6-C6 -> -0.021182381 | F6: >25%
B7: INGRESOS POR VACUNA Y PREVENTIVA | C7: =OCTUBRE!D10 -> 0.14611872 | D7: =MAYO!D10 -> 0.1436673 | E7: =D7-C7 -> -0.0024514247 | F7: 15-20%
B8: INGRESOS OTROS | C8: =+OCTUBRE!D11 -> 0.17358491 | D8: =+MAYO!D11 -> 0.14677419 | E8: =+D8-C8 -> -0.026810712 | F8: <15%
B9: MARGEN BRUTO | C9: =+OCTUBRE!D22 -> 0.67584906 | D9: =+MAYO!D22 -> 0.69032258 | E9: =+D9-C9 -> 0.014473524 | F9: >75%
B10: COSTES PERSONAL | C10: =+OCTUBRE!D23 -> 0.48823774 | D10: =+MAYO!D23 -> 0.43509513 | E10: =+D10-C10 -> -0.053142607 | F10: <40%
B11: COSTES FIJOS | C11: =+OCTUBRE!D29 -> 0.1089434 | D11: =+MAYO!D29 -> 0.10764516 | E11: =+D11-C11 -> -0.0012982349 | F11: <10%
B12: RESULTADO OPERATIVO | C12: =+OCTUBRE!D35 -> 0.078667925 | D12: =+MAYO!D35 -> 0.14758229 | E12: =+D12-C12 -> 0.068914366 | F12: >15%
B13: RESULTADO NETO | C13: =+OCTUBRE!D40 -> 0.03494434 | D13: =+MAYO!D40 -> 0.090122202 | E13: =+D13-C13 -> 0.055177862 | F13: >10%
B14: TICKET MEDIO TOTAL | C14: =+OCTUBRE!C52 -> 58.370044 | D14: =+MAYO!C52 -> 63.265306 | E14: =+(D14-C14)/C14 -> 0.083865999 | F14: >65%
B15: TICKET MEDIO CLINICA | C15: =+OCTUBRE!C53 -> 63.478261 | D15: =+MAYO!C53 -> 68.701299 | E15: =+(D15-C15)/C15 -> 0.082280733 | F15: >75%
B16: PORCENTAJE HUECOS AGENDA | C16: =+OCTUBRE!C89 -> 0.25 | D16: =+MAYO!C89 -> 0.2 | E16: =+D16-C16 -> -0.05 | F16: <10%
B17: COSTE POR MINUTO | C17: =+OCTUBRE!C91 -> 0.89408475 | D17: =+MAYO!C91 -> 0.95056209 | E17: =+(D17-C17)/C17 -> 0.063167776 | F17: <1 EURO/MIN
B18: PVP CONSULTA | C18: =+OCTUBRE!G93 -> 49.764757 | D18: =+MAYO!G93 -> 52.908286 | E18: =+(D18-C18)/C18 -> 0.063167776
B19: PVP VACUNA | C19: =+OCTUBRE!G94 -> 37.323568 | D19: =+MAYO!G94 -> 39.681214 | E19: =+(D19-C19)/C19 -> 0.063167776
B20: PVP ESTERILIZACIÓN | C20: =+OCTUBRE!G95 -> 149.29427 | D20: =+MAYO!G95 -> 158.72486 | E20: =+(D20-C20)/C20 -> 0.063167776
B21: PUNTO DE EQUILIBRIO | C21: =+OCTUBRE!C102 -> 23415.436 | D21: =+MAYO!C102 -> 24372.59 | E21: =+(D21-C21)/C21 -> 0.04087706
B22: MARGEN DE SEGURIDAD | C22: =+OCTUBRE!D103 -> 0.11639866 | D22: =+MAYO!D103 -> 0.21378743 | E22: =+D22-C22 -> 0.09738877 | F22: >25%
B23: DEPENDENCIA DE VACUNACIÓN | C23: =+OCTUBRE!C110 -> 0.6875 | D23: =+MAYO!C110 -> 0.63157895 | E23: =+D23-C23 -> -0.055921053 | F23: < 50% (propuesta)

Sheet Stocks
B2: Producto | C2: Categoría | D2: Stock (uds) | E2: Mín. | F2: Rot./mes | G2: P.Compra BI | H2: P.Venta* BI | I2: Margen (V) | J2: Margen objetivo | K2: Precio objetivo BI | L2: Cad.(meses) | M2: Alerta | N2: Problema | O2: Detalle | P2: Impacto económico
B3: Antiparasitario externo (pipetas) | C3: Venta OTC | D3: 45 | E3: 20 | F3: 38 | G3: 4.2 | H3: 5.5 | I3: =(H3-G3)/H3 -> 0.23636364 | J3: 0.4 | K3: =+G3/(1-J3) -> 7 | L3: 18 | M3: 🟡 | N3: 🟡 Margen bajo — Pipetas | O3: Margen actual: 23,6%. Objetivo: 40%. | P3: Precio objetivo: 7,00 € (actual: 5,50 €) +57,00 €/mes con ajuste de precio
B4: Antiparasitario interno (comprimidos)* | C4: Medicamento | D4: 3 | E4: 15 | F4: 22 | G4: 1.8 | H4: 3 | I4: =(H4-G4)/H4 -> 0.4 | L4: 24 | M4: 🔴 | N4: 🔴 Rotura — Antiparasitario interno | O4: 3 uds en stock, mínimo 15 uds. Déficit: 12 uds. | P4: Sobrecoste reposición urgente: ~24,84 € ~5–6 consultas afectadas
B5: Vacuna polivalente canina* | C5: Medicamento | D5: 4 | E5: 10 | F5: 12 | G5: 3.5 | H5: 35 | I5: =(H5-G5)/H5 -> 0.9 | L5: 8 | M5: 🔴 | N5: 🔴 Rotura — Vacuna polivalente | O5: 4 uds en stock, mínimo 10 uds. Déficit: 6 uds. | P5: Ingresos en riesgo: 210 € (6 vacunaciones × 35 €)
B6: Meloxicam (antiinflamatorio)* | C6: Medicamento | D6: 28 | E6: 10 | F6: 18 | G6: 2.1 | H6: 3.5 | I6: =(H6-G6)/H6 -> 0.4 | L6: 14 | M6: 🟢
B7: Alimento dietético | C7: Venta prescripción | D7: 12 | E7: 5 | F7: 8 | G7: 18.5 | H7: 22 | I7: =(H7-G7)/H7 -> 0.15909091 | J7: 0.35 | K7: =+G7/(1-J7) -> 28.461538 | L7: 6 | M7: 🟡 | N7: 🟡 Margen bajo — Alimento dietético | O7: Margen actual: 15,9%. Objetivo: 35%. | P7: Precio objetivo: 28,46 € (actual: 22,00 €) +51,68 €/mes con ajuste de precio
B8: Tests rápidos (parvovirus/moquillo)* | C8: Diagnóstico | D8: 8 | E8: 5 | F8: 3 | G8: 6.8 | H8: 40 | I8: =(H8-G8)/H8 -> 0.83 | L8: 1 | M8: 🔴 | N8: 🔴 Caducidad — Tests rápidos | O8: 8 uds. Caduca en 1 mes. Rotación: 3 uds/mes. | P8: Pérdida potencial: 54,40 € (8 × 6,80 €) Lucro cesante: 265,60€
B9: Material de sutura | C9: Material sanitario | D9: 35 | E9: 10 | F9: 6 | G9: 3.2 | H9: Imputa costes en cirugía | L9: 36 | M9: 🟢
B10: Reactivos analizador hematológico* | C10: Diagnóstico | D10: 12 | E10: 3 | F10: 4 | G10: 28 | H10: 60 | I10: =(H10-G10)/H10 -> 0.53333333 | L10: 2 | M10: 🔴 | N10: 🔴 Caducidad — Reactivos analizador | O10: 12 uds. Caduca en 2 meses. Rotación: 4 uds/mes. | P10: Pérdida potencial: 112,00 € (4 × 28,00 €) Lucro cesante: 128,00€
B11: Antibiótico (amoxicilina)* | C11: Medicamento | D11: 22 | E11: 8 | F11: 14 | G11: 2.4 | H11: 5.5 | I11: =(H11-G11)/H11 -> 0.56363636 | L11: 20 | M11: 🟢
B12: * Son productos de prescripción/prestación de servicios. Se facturan como cesión/prestación
N14: Problema | O14: Detalle | P14: Impacto económico
N15: 🟡 Margen bajo — Pipetas | O15: Margen actual: 23,6%. Objetivo: 40%. | P15: Precio objetivo: 7,00 € (actual: 5,50 €) +57,00 €/mes con ajuste de precio
N16: 🔴 Rotura — Antiparasitario interno | O16: 3 uds en stock, mínimo 15 uds. Déficit: 12 uds. | P16: Sobrecoste reposición urgente: ~24,84 € ~5–6 consultas afectadas
N17: 🔴 Rotura — Vacuna polivalente | O17: 4 uds en stock, mínimo 10 uds. Déficit: 6 uds. | P17: Ingresos en riesgo: 210 € (6 vacunaciones × 35 €)
N19: 🟡 Margen bajo — Alimento dietético | O19: Margen actual: 15,9%. Objetivo: 35%. | P19: Precio objetivo: 28,46 € (actual: 22,00 €) +51,68 €/mes con ajuste de precio
N20: 🔴 Caducidad — Tests rápidos | O20: 8 uds. Caduca en 1 mes. Rotación: 3 uds/mes. | P20: Pérdida potencial: 54,40 € (8 × 6,80 €) Lucro cesante: 265,60€
N22: 🔴 Caducidad — Reactivos analizador | O22: 12 uds. Caduca en 2 meses. Rotación: 4 uds/mes. | P22: Pérdida potencial: 112,00 € (4 × 28,00 €) Lucro cesante: 128,00€
